 Dungeon Crawl Stone Soup version 0.30-a0-996-ga6910c8ee8 (webtiles) character file.

Game seed: 13927110360042275676

53 DeathPants the Slasher (level 3, 0/19 HPs)
             Began as a Vine Stalker Gladiator on Apr 4, 2023.
             Hit by a stone thrown by a kobold (2 damage)
             ... on level 2 of the Dungeon.
             The game lasted 00:04:49 (1052 turns).

DeathPants the Slasher (Vine Stalker Gladiator)     Turns: 1052, Time: 00:04:50

Health: 0/19       AC:  4    Str: 16    XL:     3   Next: 87%
Magic:  0/4        EV: 12    Int: 10    God:
Gold:   26         SH:  0    Dex: 15    Spells: 2/2 levels left

rFire   . . .      SeeInvis .    a - +0 long sword
rCold   . . .      Faith    .    (no shield)
rNeg    . . .      Spirit   +    b - +0 leather armour
rPois   .          Reflect  .    c - +0 helmet
rElec   .          Rampage  .    (no cloak)
rCorr   .                        (no gloves)
Will    .....                    (no boots)
Stlth   +                        (no amulet)
HPRegen 0.23/turn                (no ring)
MPRegen 0.09/turn                (no ring)

@: no status effects
A: fangs 2, magic shield, antimagic bite, no potion heal 2
a: no special abilities


You were on level 2 of the Dungeon.
You visited 1 branch of the dungeon, and saw 2 of its levels.

You collected 26 gold pieces.

Inventory:

Hand Weapons
 a - a +0 long sword (weapon)
Missiles
 d - 3 throwing nets (quivered)
 e - a javelin
Armour
 b - a +0 leather armour (worn)
 c - a +0 helmet (worn)
Jewellery
 k - a ring of see invisible
Scrolls
 f - a scroll of immolation {unknown}
 h - a scroll of fog {unknown}
 l - a scroll of enchant armour {unknown}
 n - a scroll of torment {unknown}
 o - a scroll of fear {unknown}
Potions
 g - a potion of flight {unknown}
 i - a potion of haste {unknown}
 j - 3 potions of might {unknown}
 m - a potion of resistance {unknown}


   Skills:
 + Level 2.5 Fighting
 * Level 3.8 Long Blades
 - Level 1.7 Throwing
 - Level 2.4 Dodging


You had 2 spell levels left.
You didn't know any spells.
Your spell library contained the following spells:

 Spells                   Type           Power      Damage    Failure   Level
 Freeze                   Ice            0%         1d3       43%         1
 Frozen Ramparts          Ice            0%         1d1       80%         3
 Hailstorm                Conj/Ice       0%         3d3       80%         3


Dungeon Overview and Level Annotations

Branches:
Dungeon (2/15)

Altars:

Shops:
D:1 :[(


Innate Abilities, Weirdness & Mutations

You have extremely sharp teeth.
When hurt, damage is shared between your health and your magic reserves.
Your bite disrupts and absorbs the magic of your enemies.
Potions cannot restore your health.


Message History

You bite the hobgoblin, but do no damage.
The hobgoblin is almost dead.
The hobgoblin hits you with a +0 short sword.
The hobgoblin closely misses you.
You barely miss the hobgoblin.
You bite the hobgoblin, but do no damage.
The hobgoblin is almost dead.
The hobgoblin closely misses you.
You hit the hobgoblin but do no damage.
You bite the hobgoblin, but do no damage.
The hobgoblin is almost dead.
The hobgoblin hits you with a +0 short sword.
You closely miss the hobgoblin.
You bite the hobgoblin, but do no damage.
The hobgoblin is almost dead.
The hobgoblin barely misses you.
You barely miss the hobgoblin. You bite the hobgoblin.
You kill the hobgoblin!
Things that are here:
a +0 short sword; a +0 plate armour You see here a +0 short sword.
Magic restored.
A gnoll comes into view. It is wielding a +0 club.
Things that are here:
a +0 short sword; a +0 plate armour
Found a quarterstaff.
Found 11 gold pieces.
The gnoll shouts!
A kobold comes into view. It is wielding a +2 dagger of venom.
The kobold moves out of view.
The gnoll shouts!
You hear a shout! x2
The gnoll hits you from afar with a +0 halberd!
The gnoll barely misses you.
The kobold throws a stone.
The stone misses you.
The kobold throws a stone.
The stone barely misses you.
There is a stone staircase leading up here.
The gnoll hits you from afar with a +0 halberd!
* * * LOW HITPOINT WARNING * * *
The kobold throws a stone.
The stone hits you.
You die...

## ##....##..#.# .# ...
.........#.##.# #......
.#.##........#.##.###.##..#
....#..#.#.#.......##.##..##
.#.........)........#.#....# #
.......#.#.###........#....##.#
#...)...#.##.........#........
#......##.@g....g.........#
#...##......g.........#
#...##...........####.#
#...##..........## #.#
#...##......K....g.##.####
.#####...............##.#.....#
.......<.............##.#.....#
.......†)..........#..........#
.......†........#.#...........#


You could see 4 gnolls and a kobold.

Vanquished Creatures
  An adder (D:2)
  A dart slug (D:2)
  8 ball pythons
  3 bats
  An endoplasm (D:1)
  2 giant cockroaches (D:1)
  2 hobgoblins
  8 frilled lizards (D:1)
  6 goblins (D:1)
  6 kobolds
  4 rats
42 creatures vanquished.

Notes
Turn   | Place    | Note
-------+----------+-------------------------------------------
     0 | D:1      | DeathPants the Vine Stalker Gladiator began the quest for
                  | the Orb.
     0 | D:1      | Reached XP level 1. HP: 11/11 MP: 2/2
    20 | D:1      | Found Qebruf's Book Shop.
    22 | D:1      | Found Faegisk's Armour Shop.
    91 | D:1      | Reached skill level 3 in Long Blades
   122 | D:1      | Reached XP level 2. HP: 15/15 MP: 3/3
   404 | D:1      | Reached XP level 3. HP: 14/18 MP: 2/4
   666 | D:1      | Found Enkuivenn's Weapon Shoppe.
  1052 | D:2      | Hit by a stone thrown by a kobold

Illustrated notes

Levels and vault maps discovered:
D:1:      minmay_arrival_four_houses, layout_loops_ring, serial_shops,
          nicolae_square_shop, shop, nicolae_square_shop, minmay_misc_feat_iff,
          minmay_tetromino_o2
D:2:      layout_loops_cross, grunt_ministairs_5, minmay_misc_feat_tiny

Skill      XL: |  1 |
---------------+----+-----
Long Blades    | 3 |  3.8
Fighting       | 2 |  2.5
Throwing       | |  1.7
Dodging        | |  2.4

Action                     || total
---------------------------++-------
  Melee: Long sword        ||   127
         Bite              ||    26
         Punch             ||     3
 Armour: Leather armour    ||    39
  Dodge: Dodged            ||   103

Table legend: (Time is in decaauts)
 A = Elapsed time spent in this place.
 B = Non-inter-level travel time spent in this place.
 C = Inter-level travel time spent in this place.
 D = Time resting spent in this place.
 E = Time spent auto-exploring this place.
 F = Levels seen in this place.
 G = Mean time per level.
                   A        B        C        D        E       F      G
               +--------+--------+--------+--------+--------+-----+--------+
         Total |   1080 |   1066 |     14 |      0 |    652 |   2 |  540.0 |
       Dungeon |   1080 |   1066 |     14 |      0 |    652 |   2 |  540.0 |
               +--------+--------+--------+--------+--------+-----+--------+

Top non-repeatable levels by time:
     D:1: 950 daAuts
     D:2: 130 daAuts
